 Dungeon Crawl Stone Soup version 0.29.0-13-gc9e81de378 (webtiles) character file.

Game seed: 6158464124462145964

15934 concernfroge the Skirmisher (level 12, -5/97 HPs)
             Began as a Mummy Monk on Sept 9, 2022.
             Was a Priest of Wu Jian.
             Slain by a sixfirhy (7 damage)
             ... on level 2 of the Abyss.
             The game lasted 00:49:59 (12249 turns).

concernfroge the Skirmisher (Mummy Monk)           Turns: 12249, Time: 00:49:59

Health: -5/97      AC: 10    Str: 15 (16) XL:     12   Next: 5%
Magic:  0/12       EV: 15    Int:  7 (9)  God:    Wu Jian [***...]
Gold:   665        SH:  0    Dex: 18      Spells: 11/11 levels left

rFire   x . .      SeeInvis .   b - +3 halberd (flame)
rCold   + . .      Faith    +   (shield currently unavailable)
rNeg    + + +      Spirit   .   c - +1 troll leather armour
rPois   ∞          Reflect  .   f - +1 helmet
rElec   .          Harm     .   q - +0 cloak
rCorr   .          Rampage  .   h - +1 pair of gloves
Will    .....                   (no boots)
Stlth   +++.......              u - amulet of faith
HPRegen 1.06/turn               (no ring)
MPRegen 0.13/turn               (no ring)

@: exhausted, weak-willed
A: cold resistance 1, negative energy resistance 3, torment resistance 2, heat
vulnerability 1, in touch with death 1, no potions
a: Renounce Religion, Wall Jump, Serpent's Lash


You were on level 2 of the Abyss.
You worshipped Wu Jian.
Wu Jian was most pleased with you.
You visited 3 branches of the dungeon, and saw 14 of its levels.
You visited the Abyss 1 time.
You also visited: Sewer and Gauntlet.

You collected 665 gold pieces.

Inventory:

Hand Weapons
 a - the +9 sling of Viny Fortitude {venom, rC+ rCorr}
   (You found it on level 2 of the Dungeon)

   Any ammunition fired from it poisons the flesh of those it strikes.
   rC:        It protects you from cold.
   rCorr:     It protects you from acid and corrosion.
 b - a +3 halberd of flaming (weapon)
 d - a +0 vorpal executioner's axe
Missiles
 j - 3 silver boomerangs
 l - 16 poisoned darts
 n - a throwing net
Armour
 c - a +1 troll leather armour (worn)
 f - a +1 helmet (worn)
 h - a +1 pair of gloves (worn)
 q - a +0 cloak (worn)
 y - a +0 kite shield
Jewellery
 u - an amulet of faith (around neck)
Wands
 e - a wand of charming (1)
 p - a wand of digging (9)
 s - a wand of flame (40)
 t - a wand of mindburst (4) (quivered)
Scrolls
 g - a scroll of teleportation
 m - 2 scrolls of immolation
 o - a scroll of amnesia
 r - a scroll of noise
 w - a scroll of magic mapping
 x - 4 scrolls of identify
 A - a scroll of enchant weapon
Miscellaneous
 z - a box of beasts (inert)


   Skills:
 - Level 10.0 Fighting
 - Level 5.9 Polearms
 + Level 11.3 Ranged Weapons
 - Level 6.0 Dodging
 - Level 6.1 Stealth


You had 11 spell levels left.
You didn't know any spells.
Your spell library contained the following spells:

 Spells                   Type           Power      Damage    Failure   Level
 Magic Dart               Conj           0%         1d3       50%         1
 Summon Small Mammal      Summ           0%         N/A       50%         1
 Searing Ray              Conj           0%         2d4       65%         2
 Call Canine Familiar     Summ           0%         N/A       86%         3
 Confusing Touch          Hex            0%         N/A       86%         3
 Inner Flame              Hex/Fire       0%         N/A       86%         3
 Summon Guardian Golem    Hex/Summ       0%         N/A       86%         3
 Animate Dead             Necr           0%         N/A       99%         4
 Cause Fear               Hex            0%         N/A       99%         4
 Fulminant Prism          Conj/Hex       0%         3d6       99%         4
 Fireball                 Conj/Fire      0%         3d3       100%        5
 Iskenderun's Battlesphe  Conj           0%         2d6       100%        5
 Yara's Violent Unravell  Hex/Tmut       0%         3d3       100%        5
 Conjure Ball Lightning   Conj/Air       0%         3x3d6     100%        6
 Enfeeble                 Hex            0%         N/A       100%        7
 Haunt                    Necr/Summ      0%         N/A       100%        7
 Orb of Destruction       Conj           0%         9d5       100%        7
 Discord                  Hex            0%         N/A       100%        8
 Infestation              Necr           0%         N/A       100%        8


Dungeon Overview and Level Annotations

Branches:
Dungeon (10/15)            Temple (1/1) D:4            Lair (3/5) D:10
  Swamp (0/4) Lair:3       Spider (0/4) Lair:3        Sewer (visited)
Gauntlet (visited)
    Orc: D:9-12

Altars:
Cheibriados
Dithmenos
Fedhas
Gozag
Hepliaklqana
Kikubaaqudgha
Makhleb
Nemelex Xobeh
Okawaru
Ru
Sif Muna
Trog
Uskayaw
Vehumet
Wu Jian
Xom

Shops:
D:8 :

Annotations:
D:2 Crazy Yiuf
D:3 1 runed translucent door, greynaab's ghost, amateur HOHu
D:6 1 runed translucent door, CertainDeath's ghost, novice MiGl
Lair:1 2 transporters Gauntlet 6 transporters, exclusion: ice statue


Innate Abilities, Weirdness & Mutations

You are immune to poison.
Your flesh is cold resistant. (rC+)
You are immune to negative energy. (rN+++)
You are immune to unholy pain and torment.
You are vulnerable to heat. (rF-)
You are in touch with the powers of death.
You do not drink.


Message History

Your muscles tense, ready for explosive movement...
The +9 sling of Viny Fortitude {venom, rC+ rCorr} stops dripping with poison.
Your +3 halberd of flaming bursts into flame!
b - a +3 halberd of flaming (weapon)
A ynoxinul comes into view.
You spin and attack the sixfirhy, with incredible momentum.
The ynoxinul bellows!
You puncture the sixfirhy! You burn the sixfirhy.
The sixfirhy is heavily wounded.
You spin and attack the sixfirhy, with incredible momentum.
You slash the sixfirhy! You burn the sixfirhy.
The sixfirhy is severely wounded.
Your supernatural speed expires.
You spin and attack the sixfirhy.
You miss the sixfirhy.
The sixfirhy is severely wounded.
You spin and attack the sixfirhy.
You hit the sixfirhy. You burn the sixfirhy.
The sixfirhy is almost dead.
The sixfirhy hits you! The sixfirhy shocks you! Something hits you!
You feel your power leaking away.
Deactivating autopickup; reactivate with Ctrl-A.
You spin and attack the sixfirhy.
You miss the sixfirhy.
The sixfirhy is almost dead.
The sixfirhy hits you! The sixfirhy shocks you!
* * * LOW HITPOINT WARNING * * *
The sixfirhy misses you.
The sixfirhy hits you but does no damage.
The sixfirhy completely misses you. Something hits you!!
* * * LOW HITPOINT WARNING * * *
You feel your power leaking away.
Okay, then.
Aiming: Charm
Press: ? - help, Shift-Dir - straight line, f - small abomination
Aim: a small abomination (chance to affect: 31%)
Okay, then.
Really read the scroll of vulnerability?
As you read the scroll of vulnerability, it crumbles to dust.
Magic quickly surges around you.
The sixfirhy hits you but does no damage.
The sixfirhy closely misses you. The sixfirhy hits you!
You die...

## .# #.#.## ..
..... .. ...
....# #.. ...
#... .3# #.#
#.3 #.# #
...#.##.#
...##.#°#..####
......{@3......
##..##..##..##.
# #.x# .# .....
.. ...§.... .
#..##..##. .
#.. #..# .. ...
.... . .. .. ..


You could see a sixfirhy (weak-willed), a neqoxec (weak-willed), a ynoxinul
(weak-willed) and a small abomination (weak-willed).

Vanquished Creatures
  A rakshasa (Abyss:2)
  A catoblepas (Lair:2)
  3 two-headed ogres (D:10)
  A thrashing horror (Abyss:2)
  A wretched star (Abyss:2)
  Pikel (D:4)
  A black mamba (Lair:1)
  3 cane toads
  A komodo dragon (Lair:3)
  2 rime drakes
  An ice devil (Gauntlet)
  A hornet (D:10)
  A polar bear (Lair:1)
  2 trolls
  2 raiju (Abyss:2)
  6 yaks (Lair:1)
  3 wyverns
  A steam dragon (D:6)
  3 basilisks (Lair:2)
  A large abomination (Abyss:2)
  4 water moccasins
  3 ice beasts
  2 orc warriors (D:10)
  3 black bears
  7 centaurs
  5 wolves (Lair:2)
  A phantom (D:6)
  A kobold brigand (D:10)
  7 bullfrogs
  A necrophage (D:5)
  2 gnoll sergeants
  4 scorpions
  9 wights
  5 killer bees (D:7)
  An electric eel (D:7)
  6 howler monkeys
  6 hounds
  5 jellies
  3 orc priests
  3 iguanas
  Jessica (D:3)
  9 orc wizards
  Ijyb (D:3)
  Terence (D:2)
  Robin (D:2)
  20 gnolls
  5 river rats
  10 adders
  7 white imps
  An ufetubus (Abyss:2)
  7 worms
  2 dart slugs
  21 orcs
  8 endoplasms
  9 giant cockroaches
  17 goblins
  7 hobgoblins
  5 jackals
  3 quokkas
  13 ball pythons
  8 bats
  2 frilled lizards
  15 kobolds
  4 rats
291 creatures vanquished.

Vanquished Creatures (collateral kills)
  An orc wizard (D:8)
  2 orcs (D:8)
3 creatures vanquished.

Vanquished Creatures (others)
  A two-headed ogre (D:8)
  A raiju (Abyss:2)
  5 fungi
  A plant (Gauntlet)
  3 withered plants
11 creatures vanquished.

Grand Total: 305 creatures vanquished

Notes
Turn   | Place    | Note
-------+----------+-------------------------------------------
     0 | D:1      | concernfroge the Mummy Monk began the quest for the Orb.
     0 | D:1      | Reached XP level 1. HP: 18/18 MP: 1/1
   153 | D:2      | Identified the +9 sling of Viny Fortitude {venom, rC+
                  | rCorr}
   294 | D:2      | Reached XP level 2. HP: 24/24 MP: 2/2
   495 | D:2      | Gained mutation: You are in touch with the powers of death.
                  | [Mummy growth]
   495 | D:2      | Reached XP level 3. HP: 29/29 MP: 3/3
   552 | D:2      | Found an ornate altar of the Wu Jian Council.
   670 | D:2      | Noticed Robin
   687 | D:2      | Killed Robin
  1052 | D:2      | Noticed Terence
  1056 | D:2      | Killed Terence
  1057 | D:2      | Reached XP level 4. HP: 36/36 MP: 4/4
  1098 | D:2      | Found a runed translucent door.
  1099 | D:2      | Noticed Crazy Yiuf
  1601 | D:3      | Noticed Jessica
  1603 | D:3      | Killed Jessica
  1625 | D:3      | Found a runed translucent door.
  1625 | D:3      | Noticed greynaab's ghost (amateur HOHu)
  1667 | D:3      | Reached XP level 5. HP: 42/42 MP: 5/5
  1689 | D:3      | Noticed Ijyb
  1692 | D:3      | Killed Ijyb
  2099 | D:4      | Reached XP level 6. HP: 42/48 MP: 6/6
  2467 | D:4      | You fall into a shaft and drop 2 floors!
  2686 | D:6      | Reached XP level 7. HP: 39/55 MP: 7/7
  3052 | D:6      | Reached skill level 5 in Fighting
  3152 | D:6      | Found a glowing drain.
  3166 | Sewer    | Entered a sewer
  3754 | D:6      | Noticed a troll
  3764 | D:6      | Killed a troll
  3765 | D:6      | Reached XP level 8. HP: 30/63 MP: 8/8
  4001 | D:6      | Found a runed translucent door.
  4001 | D:6      | Noticed a two-headed ogre
  4001 | D:6      | Noticed CertainDeath's ghost (novice MiGl)
  4302 | D:6      | Found a bloodstained altar of Trog.
  4493 | D:7      | Reached skill level 5 in Dodging
  4505 | D:7      | Reached skill level 5 in Stealth
  4532 | D:7      | Reached skill level 5 in Polearms
  4771 | D:7      | Reached XP level 9. HP: 64/71 MP: 9/9
  5702 | D:5      | Entered Level 5 of the Dungeon
  5994 | D:5      | Noticed Pikel
  6030 | D:4      | Killed Pikel
  6104 | D:4      | Found a staircase to the Ecumenical Temple.
  6120 | Temple   | Entered the Ecumenical Temple
  6404 | Temple   | Became a worshipper of the Wu Jian Council
  6404 | Temple   | Reached * piety under Wu Jian
  6404 | Temple   | Reached ** piety under Wu Jian
  6621 | D:4      | Found an opulent altar of Gozag.
  6914 | D:5      | Found an iron altar of Okawaru.
  7742 | D:1      | Found a faded altar of an unknown god.
  7931 | D:8      | Noticed a two-headed ogre
  8029 | D:8      | Reached XP level 10. HP: 83/83 MP: 10/10
  8123 | D:8      | Reached skill level 10 in Fighting
  8160 | D:8      | Found Ikosuywk's Book Boutique.
  8178 | D:8      | Reached skill level 1 in Ranged Weapons
  8249 | D:8      | Reached skill level 2 in Ranged Weapons
  8391 | D:8      | Identified the +1 robe "Miera" {rN+ Regen+}
  8515 | D:8      | Reached skill level 3 in Ranged Weapons
  8733 | D:9      | Noticed a two-headed ogre
  8741 | D:10     | Entered Level 10 of the Dungeon
  8742 | D:10     | Reached *** piety under Wu Jian
  8743 | D:10     | Found a snail-covered altar of Cheibriados.
  8758 | D:10     | Reached skill level 4 in Ranged Weapons
  8971 | D:10     | Found a staircase to the Lair.
  9142 | D:10     | Reached skill level 5 in Ranged Weapons
  9187 | D:10     | Noticed a two-headed ogre
  9194 | D:10     | Killed a two-headed ogre
  9195 | D:10     | Reached skill level 6 in Ranged Weapons
  9390 | D:10     | Noticed a two-headed ogre
  9398 | D:10     | Killed a two-headed ogre
  9399 | D:10     | Reached skill level 7 in Ranged Weapons
  9581 | D:10     | Found a blossoming altar of Fedhas.
  9648 | D:10     | Noticed a two-headed ogre
  9656 | D:10     | Killed a two-headed ogre
  9657 | D:10     | Reached XP level 11. HP: 78/90 MP: 11/11
  9995 | Lair:1   | Entered Level 1 of the Lair of Beasts
 10086 | Lair:1   | Reached skill level 8 in Ranged Weapons
 10275 | Lair:1   | Found a transporter.
 10397 | Lair:1   | Found a transporter.
 10397 | Lair:1   | Found the +3 pair of gauntlets of War {Slay+5}
 10753 | Lair:2   | Reached skill level 9 in Ranged Weapons
 10756 | Lair:2   | Reached **** piety under Wu Jian
 10854 | Lair:2   | Found a sparkling altar of Nemelex Xobeh.
 10859 | Lair:2   | Noticed a catoblepas
 10879 | Lair:2   | Killed a catoblepas
 11197 | Lair:2   | Reached skill level 10 in Ranged Weapons
 11380 | Lair:3   | Found a gate leading to a gauntlet.
 11389 | Gauntlet | Entered a Gauntlet
 11389 | Gauntlet | Found a transporter.
 11399 | Gauntlet | Found a transporter.
 11401 | Gauntlet | Found a transporter.
 11402 | Gauntlet | Found a transporter.
 11410 | Gauntlet | Found a transporter.
 11410 | Gauntlet | Noticed a death scarab
 11413 | Gauntlet | Found a transporter.
 11414 | Gauntlet | Found a transporter.
 11422 | Gauntlet | Found a transporter.
 11425 | Gauntlet | Found a transporter.
 11426 | Gauntlet | Found a transporter.
 11432 | Gauntlet | Noticed a wizard
 11432 | Gauntlet | Noticed a wizard
 11435 | Gauntlet | Found a transporter.
 11437 | Gauntlet | Found a transporter.
 11438 | Gauntlet | Found a transporter.
 11446 | Gauntlet | Found a transporter.
 11449 | Gauntlet | Noticed a reaper
 11677 | Gauntlet | Identified the amulet "Lophy" {Faith Int+6}
 11689 | Abyss:2  | Cast into level 2 of the Abyss (a wizard)
 11752 | Abyss:2  | Noticed a bone dragon
 11841 | Abyss:2  | HP: 4/90 [raiju/living lightning (21)]
 11934 | Abyss:2  | Noticed a rakshasa
 11955 | Abyss:2  | Killed a rakshasa
 11956 | Abyss:2  | Reached skill level 11 in Ranged Weapons
 12051 | Abyss:2  | Noticed a thrashing horror
 12061 | Abyss:2  | Killed a thrashing horror
 12062 | Abyss:2  | Reached XP level 12. HP: 76/97 MP: 12/12
 12248 | Abyss:2  | HP: 1/97 [something (25)]
 12249 | Abyss:2  | Slain by a sixfirhy

Illustrated notes

Levels and vault maps discovered:
D:1:      saegor_arrival_simple_b, layout_rooms,
          shapermc_ecumenical_altar_mp_vishouse
D:2:      layout_loops_corners, basic_altar, uniq_robin,
          uniq_crazy_yiuf_cottage, uniq_terence
D:3:      layout_rooms, nicolae_overflow_hidden_temple, gammafunk_ghost_grave,
          uniq_ijyb, uniq_jessica
D:4:      layout_basic, mainiacjoe_overflow_surrounded_room,
          minmay_temple_entry_tees, minivault_26
D:5:      layout_loops_ring, kennysheep_okawaru_gauntlet, lemuel_flame_loot_1,
          uniq_pikel
D:6:      layout_loops_ring, trog_hazing_becter, ebering_ghost_inner_flame,
          portal_sewer_entry_a, grunt_tough_drop
D:7:      cheibrodos_helix_gallery, layout_loops_corners, dreamdust_gnoll_farm
D:8:      layout_gridville, serial_shops, shop
D:9:      layout_loops_cross
D:10:     layout_stronghold, lemuel_coloured_pillars_altar,
          kennysheep_slug_shrine, grunt_lair_entry_orc_guard_hut
Temple:   oiseaux_autumnal_temple
Lair:1:   gammafunk_worm_tunnel, layout_loops_ring
Lair:2:   layout_concentric_octagons, basic_altar
Lair:3:   layout_cave_pods, swamp_mist, nicolae_spider_entry_non_spiders,
          gauntlet_entry_generic, cheibrodos_lair_reptile_den, uniq_nergalle
Abyss:2:  base: D:13, bh_abyss_xom_lugonu_altar, spicy_abyss_rude_harpoons
Gauntlet: gammafunk_gauntlet_77_escape_option [minmay_gauntlet_arena_77_mess,
          minmay_gauntlet_arena_77_two_paths, minmay_gauntlet_arena_77_museum,
          minmay_gauntlet_arena_77_checkered, minmay_gauntlet_arena_77_squiggly,
          dreamdust_gauntlet_exit_labyrinth]

Skill      XL: |  1  2  3  4  5  6  7  8  9 10 11 |
---------------+----------------------------------+-----
Stealth        | 2 3 4 5 6 |  6.1
Polearms       | 3 4 5 |  5.9
Dodging        | 3 4 5 6 |  6.0
Fighting       | 4 5 6 9 10 | 10.0
Ranged Weapons | 7 11 | 11.3

Action                   |  1- 3 |  4- 6 |  7- 9 | 10-12 || total
-------------------------+-------+-------+-------+-------++-------
Melee: Spear             |    27 |       |       |       ||    27
       Punch             |     1 |       |       |       ||     1
       Sling             |       |       |       |     1 ||     1
       Halberd           |       |       |       |    21 ||    21
 Fire: Sling             |    52 |   116 |   321 |   396 ||   885
Throw: Boomerang         |       |       |       |     2 ||     2
Invok: Whirlwind         |       |       |       |    19 ||    19
       Serpent's Lash    |       |       |       |     6 ||     6
 Abil: Wall Jump         |       |       |       |     2 ||     2
Evoke: Wand              |       |       |       |    19 ||    19
       Box of beasts     |       |       |       |     1 ||     1
  Use: Scroll            |       |     4 |     7 |    20 ||    31
Armor: Scale mail        |    33 |    31 |    29 |       ||    93
       Troll leather arm |       |       |    33 |    81 ||   114
Dodge: Dodged            |    26 |    31 |   118 |   223 ||   398
